 Dungeon Sprint DCSS version 0.18-a0-124-g4fdfa27 (webtiles) character file.

130 Kidiri the Sneak (level 4, -4/23 HPs)
             Began as a Spriggan Enchanter on Nov 20, 2015.
             Slain by a shadow (11 damage)
             ... in the Dungeon (Sprint III: "The Ten Rune Challenge").
             The game lasted 00:03:33 (739 turns).

Kidiri the Sneak (Spriggan Enchanter)                Turns: 739, Time: 00:03:34

Health: -4/23      AC:  5    Str:  6    XL:     4   Next: 90%
Magic:  2/12       EV: 22    Int: 16    God:
Gold:   16         SH:  0    Dex: 17    Spells: 5 memorised, 1 level left

rFire  . . .     SeeInvis +     a - +1 dagger
rCold  . . .     Clarity  .     b - +1 robe
rNeg   . . .     SustAt   .     (shield restricted)
rPois  .         Gourm    .     (helmet restricted)
rElec  .         Spirit   .     (no cloak)
rCorr  .         Warding  .     (gloves unavailable)
rMut   .         NoTele   +     (boots unavailable)
MR     .....                    (no amulet)
Stlth  ++++......               (no ring)
                                (no ring)

@: very quick, not resistant to hostile enchantments, stealthy
A: unfitting armour, claws 1, hooves 1, thin metallic scales 1, see invisible,
breathe flames 1, herbivore 3, speed 3, slow metabolism 2, strong 1
a: Breathe Fire


You were in the Dungeon.
You were not hungry.

You visited 1 branch You collected 16 gold pieces.

Inventory:

Hand Weapons
 a - a +1 dagger (weapon)
Armour
 b - a +1 robe (worn)
Scrolls
 f - 2 scrolls of torment
 j - a scroll of blinking
 l - a scroll of identify
 m - 2 scrolls of remove curse
Potions
 g - a potion of haste
 h - a potion of magic
 i - a potion of berserk rage
 k - a potion of might
 o - 3 potions of cure mutation
 p - 4 potions of flight
Books
 c - a book of Maledictions

   Spells                             Type                      Level
   a - Corona                         Hexes                        1
   b - Ensorcelled Hibernation        Hexes/Ice                    2
   c - Confuse                        Hexes                        3
   d - Tukima's Dance                 Hexes                        3
   e - Dazzling Spray                 Conjuration/Hexes            3
Comestibles
 d - 2 bread rations
 n - 4 fruits


   Skills:
 + Level 1.9 Fighting
 * Level 4.6 Short Blades
 + Level 1.8 Armour
 * Level 6.3 Dodging
 * Level 7.4 Stealth
 * Level 5.4 Spellcasting
 + Level 0.8 Conjurations
 + Level 4.8 Hexes
 + Level 1.4 Ice Magic


You had one spell level left.
You knew the following spells:

 Your Spells              Type           Power        Failure   Level  Hunger
a - Corona                Hex            ###....      1%          1    None
b - Ensorcelled Hibernat  Hex/Ice        ##....       8%          2    #......
c - Confuse               Hex            ###.....     8%          3    ###....
d - Tukima's Dance        Hex            ###.....     8%          3    ###....
e - Dazzling Spray        Conj/Hex       ##......     14%         3    ###....


Dungeon Overview and Level Annotations

Branches:
Dungeon (1/1)

Altars:


Innate Abilities, Weirdness & Mutations

You are tiny and cannot use many weapons and most armour.
You have supernaturally acute eyesight.
You are a herbivore.
You cover ground extremely quickly.
You need consume almost no food.
You have sharp fingernails.
You have large cloven feet.
You are partially covered in thin metallic scales (AC +2).
You can breathe flames.
Your muscles are strong. (Str +2)


Message History

You closely miss the shadow. You kick the shadow, but do no damage.
The shadow is almost destroyed.
You hit the shadow but do no damage.
The shadow is almost destroyed.
The shadow closely misses you.
You hit the shadow. You kick the shadow, but do no damage.
The shadow is almost destroyed.
The shadow completely misses you.
You hit the shadow. Your kick misses the shadow.
The shadow is almost destroyed.
The shadow misses you.
You barely miss the shadow.
The shadow is almost destroyed.
You hit the shadow but do no damage. Your kick misses the shadow.
The shadow is almost destroyed.
The shadow misses you.
You closely miss the shadow.
The shadow is almost destroyed.
The shadow hits you!
You die...

▓▓▓▓▓ ▓▓▓ +...♣♣ ♣.#
#....♣♣♣ ♣♣.# #....♣.♣
♣..#
#....≈.♣♣♣♣.###+#+###+##
#...≈≈......#..........#
#..≈≈≈≈..♣..'.⌠.@W.....#
#..≈≈≈≈≈≈.♣.#...######'#
#.≈≈≈≈≈≈....#.⌠.# #...#
#.≈≈≈≈≈.....#...# #...#
#.≈≈≈.......#+### #...#
#...........# #..%+
............# +..J#
▓▓▓▓▓▓▓▓▓▓▓▓▓ ▓▓▓▓▓


You could see a shadow (invisible).

Vanquished Creatures
  A water elemental (D)
  Jessica (D)
  A wolf (D)
  A human (D)
  3 rats (D)
7 creatures vanquished.

Vanquished Creatures (others)
  2 draconian scorchers (D)
  A yaktaur (D)
  2 fire drakes (D)
  3 plants (D)
8 creatures vanquished.

Grand Total: 15 creatures vanquished

Notes
Turn   | Place    | Note
--------------------------------------------------------------
     0 | D        | Kidiri the Spriggan Enchanter began the quest for the Orb.
     0 | D        | Reached XP level 1. HP: 9/9 MP: 5/5
    15 | D        | Killed a yaktaur
   184 | D        | Killed a white draconian scorcher
   196 | D        | Killed a white draconian scorcher
   240 | D        | Noticed Jessica
   242 | D        | Killed Jessica
   242 | D        | Reached skill level 1 in Fighting
   242 | D        | Reached skill level 1 in Armour
   242 | D        | Reached skill level 5 in Stealth
   242 | D        | Reached XP level 2. HP: 12/14 MP: 5/7
   249 | D        | Killed a fire drake
   250 | D        | Learned a level 2 spell: Ensorcelled Hibernation
   335 | D        | Reached skill level 5 in Dodging
   335 | D        | Reached skill level 6 in Stealth
   335 | D        | Reached XP level 3. HP: 18/18 MP: 5/9
   345 | D        | Learned a level 3 spell: Confuse
   349 | D        | Learned a level 3 spell: Dazzling Spray
   384 | D        | Reached XP level 4. HP: 22/22 MP: 7/11
   407 | D        | Killed a fire drake
   408 | D        | Gained mutation: You have sharp fingernails. [potion of mutation]
   408 | D        | Gained mutation: You have large cloven feet. [potion of mutation]
   409 | D        | Gained mutation: Your muscles are strong. (Str +2) [potion of mutation]
   409 | D        | Gained mutation: You are partially covered in thin metallic scales (AC +2). [potion of mutation]
   409 | D        | Gained mutation: You can breathe flames. [potion of mutation]
   423 | D        | Learned a level 3 spell: Tukima's Dance
   471 | D        | Reached skill level 7 in Stealth
   471 | D        | Reached skill level 5 in Spellcasting
   471 | D        | Reached skill level 1 in Ice Magic
   704 | D        | Noticed a shadow
   739 | D        | Slain by a shadow

Vault maps used:
D:        dungeon_sprint_mu

Action                   |  1- 3 |  4- 6 || total
-------------------------+-------+-------++-------
Melee: Dagger            |    22 |    26 ||    48
 Cast: Ensorcelled Hiber |     2 |       ||     2
       Corona            |     1 |       ||     1
       Dazzling Spray    |       |     9 ||     9
  Use: Potion            |     2 |     3 ||     5
       Scroll            |       |     3 ||     3
 Stab: Sleeping          |     3 |       ||     3
